 Dungeon Crawl Stone Soup version 0.27-a0-1081-ge8a0a9c698 (webtiles) character file.

Game seed: 15941585237236675269

18573 shoop the Severer (level 12, -8/103 HPs)
             Began as a Hill Orc Fighter on Apr 25, 2021.
             Was a High Priest of Fedhas.
             Killed by an exploding ballistomycete spore (43 damage)
             ... set off by their pet
             ... on level 2 of the Orcish Mines.
             The game lasted 00:36:01 (11777 turns).

shoop the Severer (Hill Orc Fighter)               Turns: 11777, Time: 00:36:02

Health: -8/103     AC: 12    Str: 22    XL:     12   Next: 59%
Magic:  20/23      EV: 13    Int:  8    God:    Fedhas [*****.]
Gold:   978        SH:  0    Dex: 12    Spells: 11/11 levels left

rFire    . . .     SeeInvis .   U - +2 hand axe (elec)
rCold    . . .     Faith    .   c - +0 kite shield
rNeg     . . .     Spirit   .   C - +2 ring mail {Will+}
rPois    .         Reflect  .   D - +1 helmet
rElec    .         Harm     +   L - scarf {harm}
rCorr    .         Rampage  .   y - +0 pair of gloves
Will     +....                  q - +0 pair of boots
Stlth    ..........             G - amulet of regeneration
HPRegen  1.27/turn              v - +4 ring of slaying
MPRegen  0.18/turn              M - +4 ring of evasion

@: confused
A: no striking features
a: Renounce Religion, Convert to Beogh, Wall of Briars, Grow Ballistomycete,
Overgrow, Grow Oklob


You were on level 2 of the Orcish Mines.
You worshipped Fedhas.
Fedhas was extremely pleased with you.
You visited 2 branches of the dungeon, and saw 11 of its levels.

You collected 1194 gold pieces.
You spent 216 gold pieces at shops.

Inventory:

Hand Weapons
 a - a +0 war axe
 U - a +2 hand axe of electrocution (weapon)
Missiles
 O - 2 throwing nets
 P - 29 poisoned darts (quivered)
Armour
 b - a +0 scale mail
 c - a +0 kite shield (worn)
 m - a +0 chain mail
 q - a +0 pair of boots (worn)
 y - a +0 pair of gloves (worn)
 C - a +2 ring mail of willpower (worn)
 D - a +1 helmet (worn)
 L - a scarf of harm (worn)
Jewellery
 i - a ring of flight
 v - a +4 ring of slaying (left hand)
 A - a ring of wizardry
 G - an amulet of regeneration (around neck)
 M - a +4 ring of evasion (right hand)
Wands
 t - a wand of paralysis (22)
 H - a wand of acid (10)
 N - a wand of charming (11)
 T - a wand of iceblast (5)
Scrolls
 e - a scroll of blinking
 f - a scroll of vulnerability {unknown}
 g - a scroll of teleportation {unknown}
 j - a scroll of torment {unknown}
 o - 3 scrolls of fear {unknown}
 r - a scroll of holy word {unknown}
 s - a scroll of noise {unknown}
 u - 2 scrolls of immolation {unknown}
 w - 3 scrolls of enchant armour
 x - 2 scrolls of summoning {unknown}
 z - 2 scrolls of fog
 B - 2 scrolls of acquirement
 I - 5 scrolls of identify {unknown}
Potions
 d - 2 potions of flight
 h - 2 potions of attraction {unknown}
 k - 3 potions of degeneration {unknown}
 l - 2 potions of resistance {unknown}
 n - a potion of invisibility {unknown}
 p - a potion of haste {unknown}
 E - 4 potions of ambrosia {unknown}
 F - a potion of mutation {unknown}
 J - a potion of lignification {unknown}
 K - 2 potions of heal wounds {unknown}
 Q - 3 potions of curing
 R - a potion of brilliance
 S - a potion of berserk rage


   Skills:
 + Level 8.6 Fighting
 - Level 16.0 Axes
 + Level 4.4 Armour
 + Level 3.7 Dodging
 - Level 3.2 Shields
 + Level 15.3 Invocations
 - Level 5.0 Evocations


You had 11 spell levels left.
You didn't know any spells.
Your spell library contained the following spells:

 Spells                   Type           Power      Damage    Failure   Level
 Animate Skeleton         Necr           0%         N/A       97%         1
 Corona                   Hex            0%         N/A       97%         1
 Pain                     Necr           0%         1d4       97%         1
 Summon Small Mammal      Summ           0%         N/A       97%         1
 Call Imp                 Summ           0%         N/A       99%         2
 Ensorcelled Hibernation  Hex/Ice        0%         N/A       99%         2
 Call Canine Familiar     Summ           0%         N/A       100%        3
 Confusing Touch          Hex            0%         N/A       100%        3
 Dazzling Flash           Conj/Hex       0%         N/A       100%        3
 Summon Guardian Golem    Hex/Summ       0%         N/A       100%        3
 Tukima's Dance           Hex            0%         N/A       100%        3
 Vampiric Draining        Necr           0%         2d6       100%        3
 Animate Dead             Necr           0%         N/A       100%        4
 Summon Ice Beast         Ice/Summ       0%         N/A       100%        4
 Summon Lightning Spire   Summ/Air       0%         N/A       100%        4
 Agony                    Necr           0%         N/A       100%        5


Dungeon Overview and Level Annotations

Branches:
Dungeon (9/15)             Temple (0/1) D:7            Lair (0/6) D:9
    Orc (2/2) D:9             Elf (0/3) Orc:2

Altars:
Elyvilon
Fedhas
Kikubaaqudgha
Nemelex Xobeh
Trog
Vehumet
Yredelemnul
Beogh

Shops:
D:8 ![   D:9 [

Annotations:
D:5 2 runed translucent doors, Zeld's ghost, novice OpCj


Message History

The orc priest mumbles some strange prayers to Beogh against you.
Beogh smites you!
Unknown command.
The orc priest shouts, "Beogh is our master!
Accept the truth or die!"
The orc priest threatens, "By the altar or by the axe, you will meet Beogh!"
You slash the orc!
You kill the orc!
Fedhas appreciates your contribution to the ecosystem.
You hit the troll. You hit the orc. The troll bites you!
The troll closely misses you. The troll barely misses you.
An orc comes into view. It is wielding a +0 dagger.
The orc barely misses you.
A ballistomycete spore comes into view.
Unknown command.
You closely miss the troll.
The troll is almost dead.
You hit the orc.
You kill the orc!
Fedhas appreciates your contribution to the ecosystem.
The troll bites you! The troll claws you! x2
The orc priest mumbles some strange prayers to Beogh against you.
Beogh smites you!
Unknown command.
You closely miss the troll.
The troll is almost dead.
You barely miss the orc.
The orc hits your ballistomycete with a +0 morningstar.
You block the orc's attack. You block the troll's attack.
The troll barely misses you. The troll claws you but does no damage.
Unknown command.
Your ballistomycete spore explodes!
Fedhas protects your plant from harm.
The orc appears confused.
The explosion of spores engulfs the orc!!
You kill the orc!
Fedhas appreciates your contribution to the ecosystem.
The explosion of spores engulfs you!!!
You are confused.
You die...
Fedhas appreciates your contribution to the ecosystem.

###...######... .............
.................................
.................................
..........o..................#...
.......<....o................)...
...................4....#........
.#.......$...o................#..
#............P)#o.#..)..........
...............)@...#..........#.
...#..........oT#)...#.)......###
...............#).).)......)..)..
....................)).).##......
#........$..........)).######...
.#...............)#)#)..# ####
...................#.).)## ##
..................###))).# ##.
#.................# ##..## #..


You could see a troll, an orc sorcerer, a red devil (summoned), an orc warrior,
an orc priest, 2 orcs and a friendly ballistomycete (summoned).

Vanquished Creatures
  Nessos (Orc:2)
  Josephine (Orc:2)
  A boulder beetle (Orc:1)
  Harold (D:7)
  An ogre mage (Orc:1)
  2 two-headed ogres (Orc:1)
  An orc high priest (Orc:2)
  2 orc knights (Orc:1)
  Pikel (D:7)
  4 orc sorcerers
  A troll (Orc:2)
  2 shadows
  2 wyverns
  5 wraiths (Orc:2)
  2 steam dragons (D:8)
  3 yaks
  3 basilisks (D:9)
  Menkaure (D:4)
  Edmund (D:4)
  3 water moccasins
  Duvessa (D:5)
  6 black bears
  20 orc warriors
  3 ice beasts
  A necrophage (D:6)
  8 ogres
  A wolf (D:9)
  4 centaurs
  A phantom (D:6)
  2 kobold brigands (D:7)
  2 bullfrogs
  A gnoll sergeant (D:6)
  3 scorpions
  A water moccasin skeleton (D:5)
  Dowan (D:5)
  4 wights (D:7)
  A howler monkey (D:4)
  2 centaur zombies (D:7)
  3 hounds
  2 jellies
  18 orc priests
  A bullfrog skeleton (D:7)
  2 centaur skeletons (D:6)
  Natasha (D:2)
  6 iguanas
  28 orc wizards
  A killer bee zombie (D:8)
  A hound skeleton (D:5)
  8 gnolls
  4 adders
  2 howler monkey skeletons
  A shadow imp (D:5)
  An ufetubus (D:5)
  2 worms (D:2)
  4 dart slugs
  59 orcs
  9 endoplasms
  A giant cockroach (D:2)
  12 goblins
  10 hobgoblins
  12 jackals
  21 kobolds
  A quokka (D:2)
  8 ball pythons
  2 bats
  3 frilled lizards
  3 rats
  A toadstool (D:1)
327 creatures vanquished.

Vanquished Creatures (collateral kills)
  33 ballistomycete spores
33 creatures vanquished.

Vanquished Creatures (others)
  An orc wizard (D:9)
  2 ballistomycete spores
  4 fungi (D:9)
  19 plants (D:9)
  4 toadstools (D:1)
30 creatures vanquished.

Grand Total: 390 creatures vanquished

Notes
Turn   | Place    | Note
-------+----------+-------------------------------------------
     0 | D:1      | shoop the Hill Orc Fighter began the quest for the Orb.
     0 | D:1      | Reached XP level 1. HP: 19/19 MP: 1/1
     9 | D:1      | Reached skill level 3 in Axes
   137 | D:1      | Reached XP level 2. HP: 26/26 MP: 2/2
   159 | D:1      | Found a faded altar of an unknown god.
   206 | D:1      | Reached skill level 4 in Axes
   899 | D:1      | Reached XP level 3. HP: 31/31 MP: 3/3
  1296 | D:2      | Found a blossoming altar of Fedhas.
  1304 | D:2      | Became a worshipper of Fedhas Madash
  1318 | D:2      | Reached skill level 5 in Axes
  1814 | D:2      | Reached skill level 1 in Invocations
  1857 | D:2      | Reached XP level 4. HP: 36/39 MP: 4/4
  1905 | D:2      | Noticed Natasha
  1922 | D:2      | Killed Natasha
  2614 | D:3      | Reached skill level 6 in Axes
  2617 | D:3      | Reached XP level 5. HP: 34/45 MP: 6/6
  2870 | D:3      | Reached * piety under Fedhas
  3526 | D:4      | Reached skill level 7 in Axes
  3526 | D:4      | Reached XP level 6. HP: 51/51 MP: 8/8
  3580 | D:4      | Noticed Edmund
  3589 | D:4      | Killed Edmund
  3590 | D:4      | Reached skill level 1 in Evocations
  3659 | D:3      | Reached skill level 8 in Axes
  3659 | D:3      | Reached XP level 7. HP: 8/57 MP: 8/10
  3930 | D:4      | Noticed Menkaure
  4306 | D:4      | Reached ** piety under Fedhas
  4344 | D:5      | Entered Level 5 of the Dungeon
  4551 | D:5      | Reached skill level 9 in Axes
  4551 | D:5      | Reached skill level 5 in Invocations
  4602 | D:5      | Noticed Dowan
  4634 | D:5      | Killed Dowan
  4661 | D:5      | Reached XP level 8. HP: 44/64 MP: 10/12
  4708 | D:5      | Noticed Duvessa
  5078 | D:4      | Reached skill level 10 in Axes
  5297 | D:4      | Killed Menkaure
  5845 | D:5      | Found a large runed translucent door.
  5846 | D:5      | Found a large runed translucent door.
  5847 | D:5      | Noticed Zeld's ghost (novice OpCj)
  5900 | D:5      | Reached skill level 1 in Dodging
  5977 | D:5      | Killed Duvessa
  5978 | D:5      | Reached skill level 11 in Axes
  6272 | D:5      | Identified 2 scrolls of acquirement
  6325 | D:6      | Reached XP level 9. HP: 58/72 MP: 14/14
  6412 | D:6      | Reached *** piety under Fedhas
  6480 | D:6      | Reached skill level 5 in Fighting
  6608 | D:6      | Found a bloodstained altar of Trog.
  6608 | D:6      | Found a radiant altar of Vehumet.
  6868 | D:6      | Reached skill level 12 in Axes
  7168 | D:7      | Found a sparkling altar of Nemelex Xobeh.
  7203 | D:7      | Found a basalt altar of Yredelemnul.
  7347 | D:7      | Reached **** piety under Fedhas
  7348 | D:7      | Noticed Harold
  7374 | D:7      | Noticed Pikel
  7379 | D:7      | Killed Harold
  7379 | D:7      | Killed Pikel
  7380 | D:7      | Reached skill level 13 in Axes
  7380 | D:7      | Reached XP level 10. HP: 59/86 MP: 14/16
  7620 | D:7      | Found a staircase to the Ecumenical Temple.
  7659 | D:7      | Found a white marble altar of Elyvilon.
  8123 | D:8      | Reached skill level 14 in Axes
  8352 | D:8      | Found Hyklogg's Distillery.
  8360 | D:8      | Bought a potion of brilliance for 48 gold pieces
  8360 | D:8      | Bought a potion of berserk rage for 60 gold pieces
  8360 | D:8      | Bought a potion of flight for 36 gold pieces
  8360 | D:8      | Bought a potion of curing for 36 gold pieces
  8360 | D:8      | Bought a potion of curing for 36 gold pieces
  8514 | D:8      | Found Sesch's Armour Emporium.
  8529 | D:8      | Found an ancient bone altar of Kikubaaqudgha.
  9012 | D:9      | Reached skill level 10 in Invocations
  9126 | D:9      | Found Qyalil's Antique Armour Shoppe.
  9163 | D:9      | Found a staircase to the Orcish Mines.
  9196 | D:9      | Reached ***** piety under Fedhas
  9269 | D:9      | Reached XP level 11. HP: 88/94 MP: 18/18
  9301 | D:9      | Reached skill level 15 in Axes
  9424 | D:9      | Found a staircase to the Lair.
  9851 | Orc:1    | Entered Level 1 of the Orcish Mines
  9857 | Orc:1    | Noticed an orc knight
  9866 | Orc:1    | Noticed a two-headed ogre
  9868 | Orc:1    | Killed an orc knight
  9872 | Orc:1    | Noticed an ogre mage
  9873 | Orc:1    | Noticed a two-headed ogre
  9879 | Orc:1    | Noticed an orc sorcerer
  9885 | Orc:1    | Paralysed by an orc sorcerer for 5 turns
  9890 | Orc:1    | HP: 3/94 [orc sorcerer/+0 dagger (6)]
  9893 | Orc:1    | Killed an orc sorcerer
  9893 | Orc:1    | Killed a two-headed ogre
  9898 | Orc:1    | Killed a two-headed ogre
  9899 | Orc:1    | Reached skill level 16 in Axes
 10060 | Orc:1    | Found a roughly hewn altar of Beogh.
 10254 | Orc:1    | Noticed a boulder beetle
 10285 | Orc:1    | Killed an ogre mage
 10286 | Orc:1    | Reached skill level 5 in Evocations
 10301 | Orc:1    | Killed a boulder beetle
 10737 | Orc:1    | Noticed an orc knight
 10796 | Orc:1    | Killed an orc knight
 11009 | Orc:2    | Entered Level 2 of the Orcish Mines
 11009 | Orc:2    | Found a staircase to the Elven Halls.
 11009 | Orc:2    | Noticed Josephine
 11018 | Orc:2    | Reached XP level 12. HP: 79/101 MP: 17/22
 11018 | Orc:2    | Killed Josephine
 11247 | Orc:2    | Noticed an orc high priest
 11457 | Orc:2    | Killed an orc high priest
 11481 | Orc:2    | Reached skill level 15 in Invocations
 11502 | Orc:2    | Noticed Nessos
 11518 | Orc:2    | Killed Nessos
 11529 | Orc:2    | Paralysed by an orc sorcerer for 6 turns
 11777 | Orc:2    | Killed by an exploding ballistomycete spore... set off by
                  | their pet

Illustrated notes

Levels and vault maps discovered:
D:1:      ldierk_walled_garden, layout_loops_corners,
          hellmonk_ecumenical_altar_dog_temple
D:2:      layout_basic, basic_altar, uniq_natasha
D:3:      layout_loops_ring
D:4:      black_bear_nest_2, layout_rooms, uniq_menkaure, uniq_edmund
D:5:      corexii_shack_village, layout_cave_pools, ebering_ghost_disaster_area,
          uniq_duvessa
D:6:      layout_loops_ring, amethyst_overflow_temple_binary
D:7:      layout_loops_ring, kennysheep_ying_yang, nemelex_diamond_rough_becter,
          minmay_temple_entry_glassed_door, hangedman_decor_push,
          minmay_misc_feat_hallway, minmay_small_thing, uniq_harold, uniq_pikel
D:8:      layout_basic, lemuel_doored_altar, serial_shops, shop, shop
D:9:      layout_long_grid, minmay_lair_entry_grove, david_orc_2, serial_shops,
          nicolae_shop_trees
Orc:1:    nicolae_orc_accident_3, layout_diamond_mine, basic_altar, rock_pile
Orc:2:    st_orc_mages, layout_caves, uniq_nessos, uniq_josephine

Skill      XL: |  1  2  3  4  5  6  7  8  9 10 11 12 |
---------------+-------------------------------------+-----
Axes           | 3 4 5 6 7 8 9 11 13 14 16 | 16.0
Invocations    | 1 2 3 4 5 7 9 10 13 15 | 15.3
Evocations     | 1 3 5 |  5.0
Fighting       | 4 7 8 |  8.6
Dodging        | 1 3 |  3.7
Armour         | 4 |  4.4
Shields        | |  3.2

Action                   |  1- 3 |  4- 6 |  7- 9 | 10-12 || total
-------------------------+-------+-------+-------+-------++-------
Melee: War axe           |   106 |   112 |   309 |   249 ||   776
       Hand axe          |       |       |       |   118 ||   118
Throw: Dart              |       |       |       |    13 ||    13
Invok: Grow Ballistomyce |       |       |     1 |     6 ||     7
Evoke: Wand              |       |     1 |     1 |     8 ||    10
  Use: Potion            |       |     1 |       |       ||     1
       Scroll            |       |       |     2 |     1 ||     3
 Stab: Paralysed         |       |     3 |     3 |     6 ||    12
Armor: Scale mail        |    41 |       |       |       ||    41
       Chain mail        |    10 |    43 |    82 |       ||   135
       Ring mail         |       |       |    50 |    92 ||   142
Dodge: Dodged            |    20 |    16 |    84 |   132 ||   252
Block: Kite shield       |    59 |    50 |   144 |   102 ||   355

Table legend: (Time is in decaauts)
 A = Elapsed time spent in this place.
 B = Non-inter-level travel time spent in this place.
 C = Inter-level travel time spent in this place.
 D = Time resting spent in this place.
 E = Time spent auto-exploring this place.
 F = Levels seen in this place.
 G = Mean time per level.
                   A        B        C        D        E       F      G
               +--------+--------+--------+--------+--------+-----+--------+
         Total |  11958 |  11506 |    452 |   1181 |   7639 |  11 | 1087.1 |
       Dungeon |  10121 |   9773 |    348 |   1065 |   6850 |   9 | 1124.6 |
  Orcish Mines |   1837 |   1734 |    103 |    116 |    789 |   2 |  918.5 |
               +--------+--------+--------+--------+--------+-----+--------+

Top non-repeatable levels by time:
     D:2: 1507 daAuts
     D:4: 1430 daAuts
     D:3: 1232 daAuts
   Orc:1: 1152 daAuts
     D:5: 1144 daAuts
     D:1: 1143 daAuts
     D:9: 963 daAuts
     D:8: 963 daAuts
     D:7: 935 daAuts
     D:6: 800 daAuts
   Orc:2: 685 daAuts
